 Dungeon Crawl Stone Soup version 0.31-a0-190-g4feb4907b2 (webtiles) character file.

Game seed: 1414935881470055890

2205 qw the Skirmisher (level 9, -5/50 HPs)
             Began as a Deep Elf Hunter on June 23, 2023.
             Was a Follower of Okawaru.
             Slain by a gnoll sergeant
             ... wielding a +0 trident of distortion
              (9 damage)
             ... on level 6 of the Dungeon.
             The game lasted 00:02:20 (5093 turns).

qw the Skirmisher (Deep Elf Hunter)                 Turns: 5093, Time: 00:02:21

Health: -5/50      AC: 11    Str: 12    XL:     9   Next: 12%
Magic:  13/14      EV: 15    Int: 15    God:    Okawaru [*.....]
Gold:   93         SH:  0    Dex: 24    Spells: 8/8 levels left

rFire   . . .        Y - +2 orcbow
rCold   + . .        (shield currently unavailable)
rNeg    . . .        s - +0 scale mail {rC+}
rPois   +            (no helmet)
rElec   .            h - +0 cloak
rCorr   .            e - +0 pair of gloves
SInv    .            n - +0 pair of boots
Will    .....        j - amulet of regeneration
Stlth   ++           m - +6 ring of dexterity
HPRegen 1.08/turn    g - ring of poison resistance
MPRegen 0.14/turn

%: no passive effects
@: heroic
A: no striking features
a: Renounce Religion, Heroism


You were on level 6 of the Dungeon.
You worshipped Okawaru.
Okawaru was aware of your devotion.
You visited 2 branches of the dungeon, and saw 7 of its levels.
You also visited: Sewer.

You collected 309 gold pieces.
You spent 216 gold pieces at shops.


   Skills:
 - Level 3.0(8.0) Fighting
 + Level 13.7(18.7) Ranged Weapons
 - Level 2.0(7.0) Armour
 - Level 5.1(10.1) Dodging
 - Level 1.2(6.2) Stealth
 - Level 4.2 Invocations


You had 8 spell levels left.
You didn't know any spells.
Your spell library was empty.

Inventory:

Hand Weapons
 Y - a +2 orcbow (weapon)
Armour
 a - a +0 ring mail
 e - a +0 pair of gloves (worn)
 h - a +0 cloak (worn)
 n - a +0 pair of boots (worn)
 s - a +0 scale mail of cold resistance (worn)
Jewellery
 g - a ring of poison resistance (right hand)
 j - an amulet of regeneration (around neck)
 m - a +6 ring of dexterity (left hand)
Scrolls
 f - a scroll of identify
Potions
 b - a potion of mutation
 c - a potion of lignification {unknown}
 d - 3 potions of might
 i - a potion of resistance
 k - a potion of attraction {unknown}
 l - a potion of invisibility {unknown}
 o - a potion of haste
 p - a potion of curing

Dungeon Overview and Level Annotations

Branches:
Dungeon (6/15)             Temple (1/1) D:4           Sewer (visited)

Altars:
Ashenzari
Cheibriados
Elyvilon
Fedhas
Gozag
Makhleb
Nemelex Xobeh
Okawaru
Qazlal
Ru
Trog
Uskayaw
Wu Jian
Yredelemnul
Zin
The Shining One

Shops:
D:2 [   D:3 !   D:5 *

Annotations:
D:3 2 runed translucent doors, qw's ghost, amateur DEHu


Message History

You shoot an arrow. The arrow hits the gnoll sergeant.
The gnoll sergeant is moderately wounded.
The gnoll sergeant hits you from afar with a +0 trident of distortion!
You blink.
Enter note:
Enter note:
Enter note:
Enter note:
Enter note:
Enter note: You shoot an arrow.
The arrow barely misses the gnoll.
The gnoll hits you with a +0 club.
You shoot an arrow. The arrow hits the gnoll.
The gnoll is moderately wounded.
The gnoll barely misses you.
You shoot an arrow.
The arrow hits the gnoll but does no damage.
The gnoll is moderately wounded.
The gnoll hits you with a +0 whip.
You shoot an arrow. The arrow hits the gnoll!
You kill the gnoll!
Okawaru accepts your kill. The gnoll hits you but does no damage.
You shoot an arrow. The arrow hits the gnoll.
The gnoll is moderately wounded.
The gnoll barely misses you.
You shoot an arrow. The arrow hits the gnoll!
You kill the gnoll!
Okawaru accepts your kill.
The gnoll sergeant hits you from afar with a +0 trident of distortion.
Space warps around you.
You shoot an arrow. The arrow hits the gnoll sergeant!
The gnoll sergeant is severely wounded.
The gnoll sergeant hits you but does no damage.
Space warps around you.
You shoot an arrow. The arrow hits the gnoll sergeant.
The gnoll sergeant is almost dead.
The gnoll sergeant hits you from afar with a +0 trident of distortion!
Space warps horribly around you!
You die...

.##..###.# #.#.W# ###.?.#.##
%#...# #.# #.#..# ##.......##
.#.#.# #.# ###....###.^.......#
.#.#.###.###...)#.>.....#####.#
...#.........#.##...###.# ...
..##.###.#####g.#....#..# ...
..#### #.# ##Wg......## .. ..#
#.# ##..)...### ..#
#.#####..@)...# ..#
#.##....#...### ..#
####.##.##......#
..###....##.##......#
............##......#
........######......# ..}..#.##
######## .......# (......#


You could see a phantom, a gnoll sergeant and a gnoll.

Vanquished Creatures
  Grinder (D:4)
  Edmund (D:5)
  A water moccasin (D:6)
  A black bear (D:5)
  An orc warrior (D:6)
  Pargi (Sewer)
  An ice beast (D:5)
  A centaur (D:4)
  2 phantoms
  A kobold brigand (Sewer)
  2 scorpions
  5 wights (D:6)
  A howler monkey (D:5)
  3 hounds
  A jelly (D:6)
  An orc priest (D:4)
  4 iguanas
  Natasha (thrice) (D:4)
  5 orc wizards (D:5)
  3 gnolls (D:6)
  6 adders
  2 white imps
  An ufetubus (D:4)
  A worm (D:2)
  2 dart slugs
  29 orcs
  2 bats
  5 endoplasms
  7 giant cockroaches
  12 hobgoblins
  10 kobolds
  4 quokkas
  6 ball pythons
  7 frilled lizards
  4 goblins
  5 rats
142 creatures vanquished.

Notes
Turn   | Place    | Note
-------+----------+-------------------------------------------
     0 | D:1      | qw the Deep Elf Hunter began the quest for the Orb.
     0 | D:1      | Reached XP level 1. HP: 12/12 MP: 3/3
     0 | D:1      | 0 ||| qw: Version: 0.3-a-9-g12657ce
     0 | D:1      | 0 ||| qw: Game counter: 4539
     0 | D:1      | 0 ||| qw: Always use a shield: true
     0 | D:1      | 0 ||| qw: God list: Okawaru
     0 | D:1      | 0 ||| qw: Allow faded altars: false
     0 | D:1      | 0 ||| qw: Do Orc after D:15 true
     0 | D:1      | 0 ||| qw: Do second Lair branch before Depths: true
     0 | D:1      | 0 ||| qw: Lair rune preference: random
     0 | D:1      | 0 ||| qw: Plans: Normal
     0 | D:1      | 0 ||| PLANNING D:1-11
     7 | D:1      | Noticed a black mamba
     7 | D:1      | Noticed a swamp worm
     7 | D:1      | Noticed a snapping turtle
     8 | D:1      | Noticed a killer bee
     8 | D:1      | Noticed a wolf
   413 | D:1      | 413 ||| UPGRADING to +0 cloak.
   418 | D:1      | 418 ||| READING scroll labelled ZENLAA HIHYWK.
   419 | D:1      | 419 ||| READING scroll labelled HICSIWONET.
   520 | D:1      | 520 ||| READING scroll labelled GEFEKL JUMY.
   521 | D:1      | 521 ||| DRINKING 2 yellow potions.
   522 | D:1      | 522 ||| DROPPING scroll of butterflies.
   554 | D:2      | Reached XP level 2. HP: 16/16 MP: 4/4
   563 | D:2      | Found Lomadiap's Antique Armour Shoppe.
   571 | D:2      | Reached skill level 6 in Ranged Weapons
   574 | D:2      | 574 ||| SHOPLISTING scale mail (132 gold, have 59).
   574 | D:2      | 574 ||| SHOPLISTING shiny ring mail (231 gold, have 59).
   574 | D:2      | 574 ||| SHOPLISTING transparent helmet (313 gold, have 59).
   574 | D:2      | 574 ||| SHOPLISTING twisted ring mail (297 gold, have 59).
   668 | D:2      | 668 ||| FLEEEEING.
   669 | D:2      | 669 ||| FLEEEEING.
   670 | D:2      | 670 ||| FLEEEEING.
   671 | D:2      | 671 ||| FLEEEEING.
   672 | D:2      | 672 ||| FLEEEEING.
   673 | D:2      | 673 ||| FLEEEEING.
   674 | D:2      | 674 ||| FLEEEEING.
   675 | D:2      | 675 ||| FLEEEEING.
   676 | D:2      | 676 ||| FLEEEEING.
   677 | D:2      | 677 ||| FLEEEEING.
   678 | D:2      | 678 ||| FLEEEEING.
   679 | D:2      | 679 ||| FLEEEEING.
   680 | D:2      | 680 ||| FLEEEEING.
   681 | D:2      | 681 ||| FLEEEEING.
   682 | D:2      | 682 ||| FLEEEEING.
   683 | D:2      | 683 ||| FLEEEEING.
   684 | D:2      | 684 ||| FLEEEEING.
   685 | D:2      | 685 ||| FLEEEEING.
   686 | D:2      | 686 ||| FLEEEEING.
   687 | D:2      | 687 ||| FLEEEEING.
   688 | D:2      | 688 ||| FLEEEEING.
   788 | D:2      | Reached XP level 3. HP: 17/20 MP: 5/5
   854 | D:2      | Found a blossoming altar of Fedhas.
   954 | D:2      | Reached skill level 7 in Ranged Weapons
  1176 | D:2      | 1176 ||| UPGRADING to +0 ring mail.
  1186 | D:2      | 1186 ||| DROPPING +0 leather armour.
  1187 | D:2      | 1187 ||| UPGRADING to +0 pair of gloves.
  1192 | D:2      | 1192 ||| UPGRADING to amulet of regeneration.
  1197 | D:2      | 1197 ||| DROPPING ring of wizardry.
  1198 | D:2      | 1198 ||| READING scroll labelled ZIKIEV NUOFUP.
  1199 | D:2      | 1199 ||| READING 4 scrolls of identify.
  1199 | D:2      | 1199 ||| IDENTIFYING fuming red potion
  1218 | D:3      | Found Rulekeas's Distillery.
  1228 | D:3      | 1228 ||| BUYING 2 potions of might (104 gold).
  1228 | D:3      | Bought 2 potions of might for 104 gold pieces
  1228 | D:3      | 1228 ||| SHOPLISTING potion of curing (39 gold, have 35).
  1228 | D:3      | 1228 ||| SHOPLISTING potion of mutation (104 gold, have
                  | 35).
  1500 | D:3      | Reached XP level 4. HP: 25/25 MP: 6/6
  1546 | D:3      | Found a large runed translucent door.
  1547 | D:3      | Found a large runed translucent door.
  1550 | D:3      | Noticed qw's ghost (amateur DEHu)
  2050 | D:3      | 2050 ||| UPGRADING to +6 ring of dexterity.
  2051 | D:3      | 2051 ||| READING scroll labelled VAT ROKHYUDE.
  2052 | D:3      | 2052 ||| READING scroll labelled SIMOBA UPPE.
  2053 | D:3      | 2053 ||| READING scroll labelled QALOYGUMMU.
  2054 | D:3      | 2054 ||| READING 4 scrolls of identify.
  2054 | D:3      | 2054 ||| IDENTIFYING purple potion
  2055 | D:3      | 2055 ||| READING 3 scrolls of identify.
  2055 | D:3      | 2055 ||| IDENTIFYING orange potion
  2056 | D:3      | 2056 ||| DROPPING potion of brilliance.
  2074 | D:4      | 2074 ||| PLANNING SEWER
  2109 | D:4      | Found a staircase to the Ecumenical Temple.
  2135 | D:4      | Noticed Natasha
  2143 | D:4      | Killed Natasha
  2144 | D:4      | Reached skill level 8 in Ranged Weapons
  2341 | D:4      | Found a glowing golden altar of the Shining One.
  2344 | D:4      | Noticed an angel
  2349 | D:4      | Found a basalt altar of Yredelemnul.
  2351 | D:4      | Noticed a profane servitor
  2412 | D:4      | Found a glowing drain.
  2419 | D:4      | Reached XP level 5. HP: 29/29 MP: 7/7
  2423 | D:4      | 2423 ||| READING 2 scrolls of identify.
  2423 | D:4      | 2423 ||| IDENTIFYING silvery potion
  2424 | D:4      | 2424 ||| DROPPING potion of degeneration.
  2434 | Sewer    | Entered a sewer
  2529 | Sewer    | Noticed Pargi
  2541 | Sewer    | Killed Pargi
  2581 | Sewer    | Reached XP level 6. HP: 31/34 MP: 8/8
  2589 | Sewer    | 2589 ||| UPGRADING to +0 pair of boots.
  2594 | Sewer    | 2594 ||| READING scroll labelled WIHIAL HUATAUM.
  2595 | Sewer    | 2595 ||| READING scroll labelled XOCELOKHL BUYPN.
  2611 | D:4      | 2611 ||| PLANNING TEMPLE
  2709 | Temple   | Entered the Ecumenical Temple
  2826 | Temple   | 2826 ||| PLANNING OKAWARU WORSHIP
  3008 | Temple   | Became a worshipper of Warmaster Okawaru
  3009 | Temple   | 3009 ||| PLANNING D:1-11
  3198 | D:4      | Reached skill level 1 in Armour
  3269 | D:4      | Reached skill level 9 in Ranged Weapons
  3289 | D:4      | HP: 8/34 [centaur/arrow (12)]
  3290 | D:4      | 3290 ||| DRINKING potion of heal wounds.
  3294 | D:4      | HP: 3/34 [centaur/arrow (9)]
  3349 | D:4      | 3349 ||| SWAPPING to +0 orcbow.
  3350 | D:4      | 3350 ||| DROPPING +1 shortbow.
  3400 | D:4      | 3400 ||| Stepping ~*~*~tactically~*~*~ (outnumbered).
  3401 | D:4      | Noticed Natasha
  3408 | D:4      | Reached XP level 7. HP: 40/40 MP: 9/9
  3412 | D:4      | Killed Natasha
  3430 | D:4      | Noticed Natasha
  3437 | D:4      | Killed Natasha
  3602 | D:4      | Noticed Grinder
  3603 | D:4      | 3603 ||| Stepping ~*~*~tactically~*~*~ (outnumbered).
  3623 | D:4      | Killed Grinder
  3624 | D:4      | Reached skill level 10 in Ranged Weapons
  3892 | D:4      | Identified the +0 robe of the Evening Star {Fly}
  3994 | D:4      | 3994 ||| DROPPING +0 robe of the Evening Star {Fly}.
  3995 | D:4      | 3995 ||| UPGRADING to ring of poison resistance.
  3996 | D:4      | 3996 ||| READING scroll labelled TINAWY NEUV.
  4048 | D:5      | Entered Level 5 of the Dungeon
  4049 | D:5      | 4049 ||| Stepping ~*~*~tactically~*~*~ (outnumbered).
  4061 | D:5      | Reached skill level 11 in Ranged Weapons
  4083 | D:5      | HP: 10/40 [something/puff of flame (4)]
  4086 | D:5      | Reached * piety under Okawaru
  4121 | D:5      | 4121 ||| READING scroll of enchant weapon.
  4121 | D:5      | 4121 ||| ENCHANTING +0 orcbow.
  4132 | D:5      | Reached skill level 1 in Invocations
  4132 | D:5      | 4132 ||| FLEEEEING.
  4163 | D:5      | Reached XP level 8. HP: 45/45 MP: 9/11
  4180 | D:5      | Identified the +0 ring mail of Immorality {+Inv rN+++ Str-4
                  | Dex-2}
  4225 | D:5      | Found Raotun's General Store.
  4230 | D:5      | 4230 ||| BUYING potion of heal wounds (70 gold).
  4230 | D:5      | Bought a potion of heal wounds for 70 gold pieces
  4230 | D:5      | 4230 ||| SHOPLISTING ring of resist corrosion (280 gold,
                  | have 77).
  4230 | D:5      | 4230 ||| BUYING scroll of teleportation (42 gold).
  4230 | D:5      | Bought a scroll of teleportation for 42 gold pieces
  4234 | D:5      | 4234 ||| INVOKING Heroism.
  4241 | D:5      | Noticed Edmund
  4246 | D:5      | 4246 ||| INVOKING Heroism.
  4257 | D:5      | Killed Edmund
  4269 | D:5      | Reached skill level 12 in Ranged Weapons
  4273 | D:5      | 4273 ||| READING scroll of enchant weapon.
  4273 | D:5      | 4273 ||| ENCHANTING +1 orcbow.
  4376 | D:5      | Reached skill level 3 in Fighting
  4445 | D:5      | 4445 ||| INVOKING Heroism.
  4666 | D:5      | 4666 ||| DROPPING +0 ring mail of Immorality {+Inv rN+++
                  | Str-4 Dex-2}.
  4667 | D:5      | 4667 ||| UPGRADING to +0 scale mail of cold resistance.
  4677 | D:5      | 4677 ||| DRINKING 2 fizzy cyan potions.
  4678 | D:5      | 4678 ||| DRINKING 2 sedimented puce potions.
  4679 | D:5      | 4679 ||| READING 2 scrolls of identify.
  4679 | D:5      | 4679 ||| IDENTIFYING sedimented golden potion
  4747 | D:6      | Reached skill level 3 in Invocations
  4821 | D:6      | 4821 ||| INVOKING Heroism.
  4842 | D:6      | 4842 ||| INVOKING Heroism.
  4853 | D:6      | Reached skill level 13 in Ranged Weapons
  4857 | D:6      | 4857 ||| INVOKING Heroism.
  4858 | D:6      | HP: 7/46 [wight/+0 halberd (10)]
  4858 | D:6      | HP: 3/45 [wight/+0 halberd (4)]
  4859 | D:6      | 4859 ||| READING 2 scrolls of teleportation.
  4860 | D:6      | 4860 ||| DRINKING potion of heal wounds.
  4863 | D:6      | 4863 ||| Stepping ~*~*~tactically~*~*~ (outnumbered).
  4868 | D:6      | HP: 4/45 [gnoll sergeant/+0 trident of distortion (13)]
  4869 | D:6      | 4869 ||| READING scroll of teleportation.
  4930 | D:6      | Reached XP level 9. HP: 47/50 MP: 14/14
  5074 | D:6      | 5074 ||| Stepping ~*~*~tactically~*~*~ (outnumbered).
  5076 | D:6      | 5076 ||| Stepping ~*~*~tactically~*~*~ (outnumbered).
  5082 | D:6      | 5082 ||| INVOKING Heroism.
  5092 | D:6      | HP: 10/50 [gnoll sergeant/+0 trident of distortion (4)]
  5093 | D:6      | HP: 4/50 [gnoll sergeant/+0 trident of distortion (7)]
  5093 | D:6      | Slain by a gnoll sergeant

Levels and vault maps discovered:
D:1:      onia_arrival_zoo_common, layout_basic
D:2:      layout_basic, serial_shops, shop, basic_altar,
          kennysheep_generic_room_16
D:3:      layout_basic, ebering_ghost_disaster_area, serial_shops, shop,
          hangedman_decor_clover_reticule
D:4:      minmay_skewed_foursquare, layout_basic,
          grunt_temple_overflow_holy_war, minmay_temple_entry_trees,
          portal_sewer_entry_f, minmay_increasing_density, uniq_grinder,
          uniq_natasha
D:5:      layout_rooms, serial_shops, shop, minivault_14, uniq_edmund
D:6:      layout_rooms, solitary_fountain
Temple:   oiseaux_autumnal_temple

Skill      XL: |  1  2  3  4  5  6  7  8 |
---------------+-------------------------+-----
Ranged Weapons | 6 7 8 9 11 13 | 13.7
Dodging        | 4 5 |  5.1
Armour         | 1 2 |  2.0
Fighting       | 2 3 |  3.0
Invocations    | 1 4 |  4.2
Stealth        | |  1.2

Action                     |  1- 3 |  4- 6 |  7- 9 || total
---------------------------+-------+-------+-------++-------
   Fire: Shortbow          |   128 |   128 |       ||   256
         Orcbow            |       |    12 |   271 ||   283
 Invoke: Heroism           |       |       |     7 ||     7
    Use: Scroll            |     5 |     8 |     6 ||    19
         Potion            |     1 |     1 |     3 ||     5
 Armour: Leather armour    |    16 |       |       ||    16
         Ring mail         |     9 |    28 |    46 ||    83
         Scale mail        |       |       |    17 ||    17
  Dodge: Dodged            |    35 |    52 |   110 ||   197

Table legend:
 A = Non-vault XP
 B = Vault XP
 C = Vault XP percentage of total XP
 D = Non-vault monster count
 E = Vault monster count
 F = Vault count percentage of total count
                 A         B        C        D         E       F
            +---------+---------+-------+---------+---------+-------
      Total |    2242 |     909 |  28.8 |     114 |      28 |  19.7
            +---------+---------+-------+---------+---------+-------
        D:1 |       8 |       0 |   0.0 |       6 |       0 |   0.0
        D:2 |      57 |       4 |   6.6 |      20 |       2 |   9.1
        D:3 |      31 |       0 |   0.0 |      15 |       0 |   0.0
        D:4 |     330 |     492 |  59.9 |      20 |      17 |  45.9
        D:5 |     743 |     173 |  18.9 |      31 |       1 |   3.1
        D:6 |    1073 |       0 |   0.0 |      22 |       0 |   0.0
      Sewer |       0 |     240 | 100.0 |       0 |       8 | 100.0
            +---------+---------+-------+---------+---------+-------
